 Dungeon Crawl Stone Soup version 0.29.1-1-gd02db6906a (webtiles) character file.

Game seed: 11846537152640761633

142 safid the Shooter (level 5, 0/45 HPs)
             Began as a Minotaur Hunter on Oct 7, 2022.
             Slain by a river rat (6 damage)
             ... summoned by Eustachio
             ... on level 4 of the Dungeon.
             The game lasted 00:04:11 (2627 turns).

safid the Shooter (Minotaur Hunter)                 Turns: 2627, Time: 00:04:12

Health: 0/45       AC:  6    Str: 21    XL:     5   Next: 4%
Magic:  4/4        EV: 11    Int:  6    God:
Gold:   168        SH:  0    Dex: 16    Spells: 4/4 levels left

rFire   . . .      SeeInvis .   a - +0 shortbow
rCold   . . .      Faith    .   (shield currently unavailable)
rNeg    . . .      Spirit   .   k - +0 ring mail
rPois   .          Reflect  .   (helmet restricted)
rElec   .          Harm     .   (no cloak)
rCorr   +          Rampage  .   l - +0 pair of gloves
Will    .....                   (no boots)
Stlth   +.........              (no amulet)
HPRegen 0.15/turn               d - +6 ring of strength
MPRegen 0.09/turn               s - ring of resist corrosion

@: brilliant
A: horns 2, retaliatory headbutt
a: no special abilities


You were on level 4 of the Dungeon.
You visited 1 branch of the dungeon, and saw 4 of its levels.

You collected 168 gold pieces.

Inventory:

Hand Weapons
 a - a +0 shortbow (weapon)
Armour
 k - a +0 ring mail (worn)
 l - a +0 pair of gloves (worn)
Jewellery
 d - a +6 ring of strength (left hand)
 s - a ring of resist corrosion (right hand)
Scrolls
 b - 6 scrolls of immolation
 e - 5 scrolls of identify {unknown}
 f - a scroll of magic mapping {unknown}
 g - a scroll of fog {unknown}
 i - a scroll of enchant weapon {unknown}
 j - 3 scrolls of poison {unknown}
 m - a scroll of silence {unknown}
 o - 2 scrolls of acquirement {unknown}
 u - a scroll of teleportation {unknown}
Potions
 c - a potion of heal wounds {unknown}
 h - a potion of brilliance
 n - a potion of might {unknown}
 p - 2 potions of curing
 q - a potion of magic {unknown}
 t - a potion of mutation {unknown}


   Skills:
 - Level 3.0 Fighting
 + Level 6.8 Ranged Weapons
 - Level 2.1 Dodging
 - Level 0.7 Stealth


You had 4 spell levels left.
You didn't know any spells.
Your spell library contained the following spells:

 Spells                   Type           Power      Damage    Failure   Level
 Necrotise                Necr           0%         1d4       63%         1
 Poisonous Vapours        Pois/Air       0%         N/A       77%         2
 Vampiric Draining        Necr           0%         2d6       94%         3
 Corpse Rot               Necr/Pois/Air  0%         N/A       100%        4
 Agony                    Necr           0%         N/A       100%        5
 Blade Hands              Tmut           0%         N/A       100%        5
 Irradiate                Conj/Tmut      0%         3d11      100%        5
 Dragon Form              Tmut           0%         N/A       100%        7


Dungeon Overview and Level Annotations

Branches:
Dungeon (4/15)
 Temple: D:4-7

Altars:

Shops:
D:1 (

Annotations:
D:4 Eustachio


Innate Abilities, Weirdness & Mutations

You have a pair of horns on your head.
You reflexively headbutt those who attack you in melee.


Message History

Fire: a) +0 shortbow
Press: ? - help, Q - select action Shift-Dir - straight line, f/p - Eustachio
Aim: Eustachio, wielding a +0 rapier and wearing a +0 leather armour (heavily wounded, 54% to hit)
You shoot an arrow.
The arrow hits Eustachio but does no damage.
Eustachio is heavily wounded.
The bat hits you but does no damage.
Eustachio casts a spell.
The rat bites you but does no damage.
Fire: a) +0 shortbow
Press: ? - help, Q - select action Shift-Dir - straight line, f/p - Eustachio
Aim: Eustachio, wielding a +0 rapier and wearing a +0 leather armour (heavily wounded, 54% to hit)
You shoot an arrow. The arrow hits Eustachio!
Eustachio is severely wounded.
Eustachio drinks a potion.
Eustachio is healed!
The rat closely misses you. The river rat barely misses you.
Eustachio hits you with a +0 rapier.
Fire: a) +0 shortbow
Press: ? - help, Q - select action Shift-Dir - straight line, f/p - Eustachio
Aim: Eustachio, wielding a +0 rapier and wearing a +0 leather armour (moderately wounded, 54% to hit)
You shoot an arrow. The arrow barely misses Eustachio.
The arrow closely misses the quokka.
The rat bites you. The river rat misses you. You furiously retaliate!
You headbutt the river rat.
Eustachio screams, "This atrocity can only be purified with blood!"
Eustachio hits you with a +0 rapier.
* * * LOW HITPOINT WARNING * * *
The quasit closely misses you. The quasit claws you.
* * * LOW HITPOINT WARNING * * *
The quasit barely misses you.
The river rat bites you but does no damage.
The rat bites you but does no damage.
It was a potion of brilliance.
You feel clever all of a sudden. The quasit closely misses you.
You furiously retaliate!
You headbutt the quasit.
The quasit claws you but does no damage. x2
Eustachio hits you with a +0 rapier.
* * * LOW HITPOINT WARNING * * *
The river rat bites you.
You die...

##### .....##
.......
.....br#########
.....r@@........
......r5..#####
...........#
.......#.......
......###......#
...... ......#
...... #.....#
...... ......
..... ......


You could see Eustachio, a quasit (summoned), a river rat (summoned), a quokka
(summoned), a bat (summoned) and a rat (summoned).

Vanquished Creatures
  An orc wizard (D:3)
  5 adders
  A dart slug (D:1)
  5 orcs (D:3)
  6 bats
  5 endoplasms
  5 giant cockroaches
  6 goblins
  3 hobgoblins
  2 jackals (D:1)
  2 quokkas (D:3)
  4 ball pythons
  3 frilled lizards (D:1)
  7 kobolds
  10 rats
65 creatures vanquished.

Notes
Turn   | Place    | Note
-------+----------+-------------------------------------------
     0 | D:1      | safid the Minotaur Hunter began the quest for the Orb.
     0 | D:1      | Reached XP level 1. HP: 18/18 MP: 0/0
   213 | D:1      | Reached XP level 2. HP: 25/25 MP: 1/1
   282 | D:1      | Found Yrchoz's Weapon Shop.
   358 | D:1      | Reached skill level 5 in Ranged Weapons
   418 | D:1      | Found a faded altar of an unknown god.
   864 | D:2      | Reached XP level 3. HP: 27/31 MP: 2/2
  1496 | D:3      | Reached XP level 4. HP: 38/38 MP: 3/3
  1510 | D:3      | Reached skill level 6 in Ranged Weapons
  2191 | D:3      | Reached XP level 5. HP: 32/45 MP: 4/4
  2603 | D:4      | Noticed Eustachio
  2627 | D:4      | Slain by a river rat

Illustrated notes

Levels and vault maps discovered:
D:1:      nagdon_arrival_zigzag_paths, layout_loops_ring, serial_shops, shop,
          hellmonk_ecumenical_altar_blasted
D:2:      layout_rooms
D:3:      minmay_bubble_buster, layout_basic
D:4:      layout_rooms, uniq_eustachio, uniq_natasha

Skill      XL: |  1  2  3  4 |
---------------+-------------+-----
Fighting       | 3 |  3.0
Ranged Weapons | 5 6 |  6.8
Dodging        | |  2.1
Stealth        | |  0.7

Action                   |  1- 3 |  4- 6 || total
-------------------------+-------+-------++-------
Melee: Shortbow          |       |     1 ||     1
 Fire: Shortbow          |    98 |    80 ||   178
  Use: Potion            |       |     1 ||     1
Armor: Leather armour    |     6 |       ||     6
       Ring mail         |     5 |    53 ||    58
Dodge: Dodged            |    22 |    46 ||    68
